| TOP OF THE 1ST |
|
Columbus Reds batting - Pitching for Brockton Rox : RHP Matt Collins
|
|
Pitching: RHP Matt Collins
|
|
|
Batting: RHB Alex de Leon
|
0-0: Ground out 6-3 (Groundball, 6, EV 88.8 MPH)
|
|
Batting: RHB Ben Burkholder
|
0-0: Called Strike 0-1: Swinging Strike 0-2: Foul Ball, location: 2F 0-2: Ball 1-2: Ball 2-2: Fly out, F3 (Line Drive, 3, EV 67.5 MPH)
|
|
Batting: LHB Matthew Berry
|
0-0: Foul Ball, location: 2F 0-1: Foul Ball, location: 2F 0-2: Strikes out looking
|
| Top of the 1st over - 0 runs, 0 hits, 0 errors, 0 left on base; Columbus 0 - Brockton 0 |
| BOTTOM OF THE 1ST |
|
Brockton Rox batting - Pitching for Columbus Reds : RHP Brian Trejo
|
|
Pitching: RHP Brian Trejo
|
|
|
Batting: RHB Roger Mitchell
|
0-0: Ball 1-0: Ball 2-0: Called Strike 2-1: Foul Ball, location: 2F 2-2: Foul Ball, location: 2F 2-2: Ball 3-2: Foul Ball, location: 2F 3-2: Strikes out swinging
|
|
Batting: LHB Robert Gonzalez
|
0-0: Reached on error, E3 (Groundball, 3, EV 108.1 MPH)
|
|
Batting: RHB Bakhtiar Asadov
|
0-0: Swinging Strike 0-1: Ball 1-1: Foul Ball, location: 2F 1-2: Ball 2-2: Strikes out swinging
|
|
Batting: RHB Willie Camacho
|
0-0: Ball Robert Gonzalez steals 2nd base 1-0: Foul Ball, location: 2F 1-1: Foul Ball, location: 2F 1-2: Ball 2-2: Foul Ball, location: 2F 2-2: SINGLE (Groundball, 6MD, EV 106.2 MPH) Robert Gonzalez to third Runner from 3rd tries for Home, SAFE, throw by CF to home
|
|
Batting: RHB Panam Palmer
|
0-0: Ball 1-0: Fly out, F9 (Flyball, 89M, EV 88.1 MPH)
|
| Bottom of the 1st over - 1 run, 1 hit, 1 error, 1 left on base; Columbus 0 - Brockton 1 |
| TOP OF THE 2ND |
|
Columbus Reds batting - Pitching for Brockton Rox : RHP Matt Collins
|
|
Batting: LHB Tim Kirk
|
0-0: Called Strike 0-1: Called Strike 0-2: Ground out 6-3 (Groundball, 6S, EV 76.9 MPH)
|
|
Batting: SHB Cesar Pelayo
|
0-0: Ball 1-0: Called Strike 1-1: Foul Ball, location: 2F 1-2: Strikes out swinging
|
|
Batting: RHB Aaron Barraza
|
0-0: Ball 1-0: Ball 2-0: Called Strike 2-1: Swinging Strike 2-2: Ball 3-2: Fly out, F8 (Flyball, 89XD, EV 106.9 MPH)
|
| Top of the 2nd over - 0 runs, 0 hits, 0 errors, 0 left on base; Columbus 0 - Brockton 1 |
| BOTTOM OF THE 2ND |
|
Brockton Rox batting - Pitching for Columbus Reds : RHP Brian Trejo
|
|
Batting: RHB Mo Tsang
|
0-0: Ball 1-0: Ball 2-0: Fly out, F5 (Popup, 5S, EV 76.2 MPH)
|
|
Batting: LHB Kenny Jackson
|
0-0: Ball 1-0: Called Strike 1-1: Swinging Strike 1-2: Foul Ball, location: 2F 1-2: Strikes out swinging
|
|
Batting: RHB Estevan Carrillo
|
0-0: Ground out 5-3 (Groundball, 56, EV 102.5 MPH)
|
| Bottom of the 2nd over - 0 runs, 0 hits, 0 errors, 0 left on base; Columbus 0 - Brockton 1 |
| TOP OF THE 3RD |
|
Columbus Reds batting - Pitching for Brockton Rox : RHP Matt Collins
|
|
Batting: RHB Ed Santibanez
|
0-0: Called Strike 0-1: Called Strike 0-2: Ball 1-2: Ball 2-2: Ball 3-2: Foul Ball, location: 2F 3-2: Foul Ball, location: 2F 3-2: Base on Balls
|
|
Batting: RHB Ernie Maldonado
|
0-0: Swinging Strike 0-1: Ball 1-1: Called Strike 1-2: Foul Ball, location: 2F 1-2: Ball 2-2: Foul Ball, location: 2F 2-2: Strikes out swinging
|
|
Batting: LHB Mike Becerra
|
0-0: Called Strike 0-1: Called Strike Ed Santibanez steals 2nd base 0-2: Strikes out swinging
|
|
Batting: RHB Alex de Leon
|
0-0: Ball 1-0: Foul Ball, location: 2F 1-1: SINGLE (Groundball, 4MD, EV 105.0 MPH) (infield hit) Ed Santibanez to third
|
|
Batting: RHB Ben Burkholder
|
0-0: SINGLE (Line Drive, 8LS, EV 89.4 MPH) Ed Santibanez scores Alex de Leon to second Runner from 2nd tries for 3rd, SAFE, throw by CF made to third
|
|
Batting: LHB Matthew Berry
|
0-0: Foul Ball, location: 2F 0-1: Foul Ball, location: 2F 0-2: Ball 1-2: Ball 2-2: Foul Ball, location: 2F 2-2: Ball 3-2: Foul Ball, location: 2F 3-2: Base on Balls Ben Burkholder to second
|
|
Batting: LHB Tim Kirk
|
0-0: Called Strike 0-1: Ball 1-1: Called Strike 1-2: Foul Ball, location: 2F 1-2: Ball 2-2: Foul Ball, location: 2F 2-2: Ground out U3 (Groundball, 34, EV 83.8 MPH)
|
| Top of the 3rd over - 1 run, 2 hits, 0 errors, 3 left on base; Columbus 1 - Brockton 1 |
| BOTTOM OF THE 3RD |
|
Brockton Rox batting - Pitching for Columbus Reds : RHP Brian Trejo
|
|
Batting: LHB Isaiah Spitzbarth
|
0-0: Ball 1-0: Foul Ball, location: 2F 1-1: Swinging Strike 1-2: Foul Ball, location: 2F 1-2: Ball 2-2: Strikes out swinging
|
|
Batting: RHB Roger Mitchell
|
0-0: Called Strike 0-1: Fly out, F7 (Flyball, 7S, EV 90.0 MPH)
|
|
Batting: LHB Robert Gonzalez
|
0-0: Called Strike 0-1: Called Strike 0-2: Ball 1-2: Ball 2-2: Ball 3-2: Fly out, F8 (Flyball, 78D, EV 86.2 MPH)
|
| Bottom of the 3rd over - 0 runs, 0 hits, 0 errors, 0 left on base; Columbus 1 - Brockton 1 |
| TOP OF THE 4TH |
|
Columbus Reds batting - Pitching for Brockton Rox : RHP Matt Collins
|
|
Batting: SHB Cesar Pelayo
|
0-0: Ball 1-0: Called Strike 1-1: Swinging Strike 1-2: Ball 2-2: Ball 3-2: Strikes out looking
|
|
Batting: RHB Aaron Barraza
|
0-0: Ball 1-0: Ball 2-0: DOUBLE (Line Drive, 8RXD, EV 104.4 MPH)
|
|
Pinch Runner at 2nd Ch'ang-chieh Hsia:
|
|
|
Batting: RHB Ed Santibanez
|
0-0: Ball 1-0: Called Strike 1-1: Ground out 5-3 (Groundball, 56S, EV 85.0 MPH)
|
|
Batting: RHB Ernie Maldonado
|
0-0: Ball 1-0: Called Strike 1-1: SINGLE (Line Drive, 7S, EV 95.6 MPH) Ch'ang-chieh Hsia to third Runner from 3rd tries for Home, throw by LF and OUT! 7-2
|
| Top of the 4th over - 0 runs, 2 hits, 0 errors, 1 left on base; Columbus 1 - Brockton 1 |
| BOTTOM OF THE 4TH |
|
Brockton Rox batting - Pitching for Columbus Reds : RHP Brian Trejo
|
|
Now at C: Ch'ang-chieh Hsia
|
|
|
Batting: RHB Bakhtiar Asadov
|
0-0: Ball 1-0: Ball 2-0: Foul Ball, location: 2F 2-1: Ball 3-1: Foul Ball, location: 2F 3-2: Foul Ball, location: 2F 3-2: DOUBLE (Flyball, 8LXD, EV 100.0 MPH)
|
|
Batting: RHB Willie Camacho
|
0-0: Ball 1-0: Ground out 4-3 (Groundball, 4, EV 82.5 MPH) Bakhtiar Asadov to third
|
|
Batting: RHB Panam Palmer
|
0-0: Called Strike 0-1: Ball 1-1: Swinging Strike 1-2: Foul Ball, location: 2F 1-2: Ball 2-2: Foul Ball, location: 2F 2-2: Strikes out swinging
|
|
Batting: RHB Mo Tsang
|
0-0: Called Strike 0-1: SINGLE (Line Drive, 6D, EV 110.6 MPH) Bakhtiar Asadov scores
|
|
Batting: LHB Kenny Jackson
|
0-0: Ball 1-0: Fielders Choice at 2nd, 6-4 (Groundball, 6, EV 81.9 MPH)
|
| Bottom of the 4th over - 1 run, 2 hits, 0 errors, 1 left on base; Columbus 1 - Brockton 2 |
| TOP OF THE 5TH |
|
Columbus Reds batting - Pitching for Brockton Rox : RHP Matt Collins
|
|
Batting: LHB Mike Becerra
|
0-0: Called Strike 0-1: Foul Ball, location: 2F 0-2: Strikes out looking
|
|
Batting: RHB Alex de Leon
|
0-0: Foul Ball, location: 2F 0-1: Ground out 6-3 (Groundball, 6, EV 78.1 MPH)
|
|
Batting: RHB Ben Burkholder
|
0-0: Ball 1-0: Ball 2-0: Foul Ball, location: 2F 2-1: Ball 3-1: Called Strike 3-2: Base on Balls
|
|
Pitching: RHP Tony Ramos
|
|
|
Batting: LHB Matthew Berry
|
0-0: Ball Ben Burkholder steals 2nd base 1-0: Fly out, F8 (Flyball, 8RXD, EV 101.2 MPH)
|
| Top of the 5th over - 0 runs, 0 hits, 0 errors, 1 left on base; Columbus 1 - Brockton 2 |
| BOTTOM OF THE 5TH |
|
Brockton Rox batting - Pitching for Columbus Reds : RHP Brian Trejo
|
|
Batting: RHB Estevan Carrillo
|
0-0: Ball 1-0: Ball 2-0: Ground out 3-1 (Groundball, 34, EV 85.0 MPH)
|
|
Batting: LHB Isaiah Spitzbarth
|
0-0: Ball 1-0: Ball 2-0: Called Strike 2-1: Ball 3-1: Fly out, F7 (Flyball, 78S, EV 73.1 MPH)
|
|
Batting: RHB Roger Mitchell
|
0-0: Ball 1-0: Fly out, F9 (Flyball, 9S, EV 83.8 MPH)
|
| Bottom of the 5th over - 0 runs, 0 hits, 0 errors, 0 left on base; Columbus 1 - Brockton 2 |
| TOP OF THE 6TH |
|
Columbus Reds batting - Pitching for Brockton Rox : RHP Tony Ramos
|
|
Batting: LHB Tim Kirk
|
0-0: Called Strike 0-1: Foul Ball, location: 2F 0-2: Foul Ball, location: 2F 0-2: Foul Ball, location: 2F 0-2: Foul Ball, location: 2F 0-2: Ball 1-2: Fly out, F8 (Flyball, 8LD, EV 95.6 MPH)
|
|
Batting: SHB Cesar Pelayo
|
0-0: Foul Ball, location: 2F 0-1: Ball 1-1: Ball 2-1: Swinging Strike 2-2: Ball 3-2: Fly out, F9 (Flyball, 9, EV 89.4 MPH)
|
|
Batting: RHB Ch'ang-chieh Hsia
|
0-0: Called Strike 0-1: SINGLE (Groundball, 4D, EV 94.4 MPH)
|
|
Batting: RHB Ed Santibanez
|
0-0: Foul Ball, location: 2F 0-1: Foul Ball, location: 2F 0-2: Foul Ball, location: 2F 0-2: Strikes out swinging
|
| Top of the 6th over - 0 runs, 1 hit, 0 errors, 1 left on base; Columbus 1 - Brockton 2 |
| BOTTOM OF THE 6TH |
|
Brockton Rox batting - Pitching for Columbus Reds : RHP Brian Trejo
|
|
Batting: LHB Robert Gonzalez
|
0-0: Ball 1-0: Called Strike 1-1: Foul Ball, location: 2F 1-2: Foul Ball, location: 2F 1-2: Ground out U3 (Groundball, 3, EV 83.8 MPH)
|
|
Batting: RHB Bakhtiar Asadov
|
0-0: Foul Ball, location: 2F 0-1: Foul Ball, location: 2F 0-2: Foul Ball, location: 2F 0-2: Ball 1-2: Strikes out swinging
|
|
Batting: RHB Willie Camacho
|
0-0: Called Strike 0-1: Ball 1-1: Foul Ball, location: 2F 1-2: Foul Ball, location: 2F 1-2: Ball 2-2: Strikes out swinging
|
| Bottom of the 6th over - 0 runs, 0 hits, 0 errors, 0 left on base; Columbus 1 - Brockton 2 |
| TOP OF THE 7TH |
|
Columbus Reds batting - Pitching for Brockton Rox : RHP Tony Ramos
|
|
Pitching: RHP Paul Carter
|
|
|
Batting: RHB Ernie Maldonado
|
0-0: Called Strike 0-1: Swinging Strike 0-2: Ball 1-2: Strikes out looking
|
|
Pinch Hitting: RHB Jay Harrison
|
0-0: Swinging Strike 0-1: Ball 1-1: Foul Ball, location: 2F 1-2: Strikes out swinging
|
|
Batting: RHB Alex de Leon
|
0-0: Called Strike 0-1: Swinging Strike 0-2: Ball 1-2: Ground out 6-3 (Groundball, 6, EV 109.4 MPH)
|
| Top of the 7th over - 0 runs, 0 hits, 0 errors, 0 left on base; Columbus 1 - Brockton 2 |
| BOTTOM OF THE 7TH |
|
Brockton Rox batting - Pitching for Columbus Reds : RHP Brian Trejo
|
|
Now in RF: Jay Harrison
|
|
|
Batting: RHB Panam Palmer
|
0-0: Called Strike 0-1: Ball 1-1: Swinging Strike 1-2: Ball 2-2: Strikes out swinging
|
|
Batting: RHB Mo Tsang
|
0-0: Ball 1-0: Ball 2-0: SINGLE (Flyball, 8RS, EV 95.0 MPH) - OUT at second base trying to stretch hit.
|
|
Batting: LHB Kenny Jackson
|
0-0: SINGLE (Line Drive, 8RS, EV 107.5 MPH)
|
|
Batting: RHB Estevan Carrillo
|
0-0: Fly out, F9 (Line Drive, 9S, EV 95.6 MPH)
|
| Bottom of the 7th over - 0 runs, 2 hits, 0 errors, 1 left on base; Columbus 1 - Brockton 2 |
| TOP OF THE 8TH |
|
Columbus Reds batting - Pitching for Brockton Rox : RHP Paul Carter
|
|
Pitching: RHP Nherbert Silivan
|
|
|
Batting: RHB Ben Burkholder
|
0-0: Ball 1-0: Foul Ball, location: 2F 1-1: Fly out, F8 (Flyball, 8LD, EV 86.9 MPH)
|
|
Batting: LHB Matthew Berry
|
0-0: Foul Ball, location: 2F 0-1: Ground out 6-3 (Groundball, 6, EV 103.1 MPH)
|
|
Batting: LHB Tim Kirk
|
0-0: SOLO HOME RUN (Flyball, 89XD, EV 112.5 MPH), Distance : 437 ft
|
|
Batting: SHB Cesar Pelayo
|
0-0: Foul Ball, location: 2F 0-1: Ball 1-1: Ball 2-1: Swinging Strike 2-2: Ground out 4-3 (Groundball, 34D, EV 110.0 MPH)
|
| Top of the 8th over - 1 run, 1 hit, 0 errors, 0 left on base; Columbus 2 - Brockton 2 |
| BOTTOM OF THE 8TH |
|
Brockton Rox batting - Pitching for Columbus Reds : RHP Brian Trejo
|
|
Batting: SHB Robert Soto
|
0-0: Ball 1-0: Foul Ball, location: 2F 1-1: Ball 2-1: Ball 3-1: Ground out 5-3 (Groundball, 6, EV 110.6 MPH)
|
|
Batting: RHB Roger Mitchell
|
0-0: Called Strike 0-1: Ball 1-1: Ground out 6-3 (Groundball, 6, EV 86.2 MPH)
|
|
Batting: LHB Robert Gonzalez
|
0-0: Ground out 3-1 (Groundball, 34, EV 98.8 MPH)
|
| Bottom of the 8th over - 0 runs, 0 hits, 0 errors, 0 left on base; Columbus 2 - Brockton 2 |
| TOP OF THE 9TH |
|
Columbus Reds batting - Pitching for Brockton Rox : RHP Nherbert Silivan
|
|
Batting: RHB Ch'ang-chieh Hsia
|
0-0: Ball 1-0: Called Strike 1-1: Fly out, F7 (Flyball, 7, EV 97.5 MPH)
|
|
Batting: RHB Ed Santibanez
|
0-0: Ball 1-0: Foul Ball, location: 2F 1-1: Fly out, F8 (Flyball, 8LXD, EV 105.0 MPH)
|
|
Batting: RHB Ernie Maldonado
|
0-0: Ground out 3-1 (Groundball, 13, EV 85.0 MPH)
|
| Top of the 9th over - 0 runs, 0 hits, 0 errors, 0 left on base; Columbus 2 - Brockton 2 |
| BOTTOM OF THE 9TH |
|
Brockton Rox batting - Pitching for Columbus Reds : RHP Brian Trejo
|
|
Batting: RHB Bakhtiar Asadov
|
0-0: Ball 1-0: Called Strike 1-1: Foul Ball, location: 2F 1-2: Foul Ball, location: 2F 1-2: Foul Ball, location: 2F 1-2: Ball 2-2: SINGLE (Groundball, 56S, EV 68.8 MPH) (infield hit)
|
|
Batting: RHB Willie Camacho
|
0-0: Ball 1-0: Fly out, F8 (Flyball, 8LM, EV 91.2 MPH)
|
|
Pinch Hitting: SHB Arihito Hiramoto
|
0-0: Called Strike 0-1: Ball 1-1: Ball 2-1: Swinging Strike 2-2: Fly out, F7 (Flyball, 7, EV 93.8 MPH)
|
|
Pinch Hitting: RHB Felix Rangel
|
0-0: Foul Ball, location: 2F 0-1: Fly out, F9 (Flyball, 9D, EV 99.4 MPH)
|
| Bottom of the 9th over - 0 runs, 1 hit, 0 errors, 1 left on base; Columbus 2 - Brockton 2 |
| TOP OF THE 10TH |
|
Columbus Reds batting - Pitching for Brockton Rox : RHP Nherbert Silivan
|
|
Pitching: RHP Ross Ratcliffe
|
|
|
Now at C: Kien-lung Zou
|
|
|
Now in RF: Felix Rangel
|
|
|
Batting: RHB Jay Harrison
|
0-0: Swinging Strike 0-1: Ball 1-1: Swinging Strike 1-2: Strikes out swinging
|
|
Batting: RHB Alex de Leon
|
0-0: Called Strike 0-1: Ball 1-1: Fly out, F7 (Flyball, 78M, EV 83.8 MPH)
|
|
Batting: RHB Ben Burkholder
|
0-0: Swinging Strike 0-1: Foul Ball, location: 2F 0-2: Hit by Pitch
|
|
Batting: LHB Matthew Berry
|
0-0: Ball 1-0: Ball 2-0: Ball 3-0: Called Strike 3-1: Called Strike 3-2: Foul Ball, location: 2F 3-2: Base on Balls Ben Burkholder to second
|
|
Batting: LHB Tim Kirk
|
0-0: Swinging Strike 0-1: Ball 1-1: Ball 2-1: Foul Ball, location: 2F 2-2: Ball 3-2: SINGLE (Line Drive, 34, EV 96.2 MPH) Ben Burkholder to third Matthew Berry to second Ben Burkholder scores Matthew Berry to third
|
|
Pitching: RHP Armando Berrios
|
|
|
Batting: SHB Cesar Pelayo
|
0-0: Swinging Strike 0-1: Swinging Strike 0-2: Strikes out looking
|
| Top of the 10th over - 1 run, 1 hit, 0 errors, 2 left on base; Columbus 3 - Brockton 2 |
| BOTTOM OF THE 10TH |
|
Brockton Rox batting - Pitching for Columbus Reds : RHP Brian Trejo
|
|
Now in LF: Jay Harrison
|
|
|
Now in CF: Jose Cruz
|
|
|
Now in RF: Tim Kirk
|
|
|
Batting: LHB Kenny Jackson
|
0-0: Ball 1-0: Ball 2-0: Foul Ball, location: 2F 2-1: Swinging Strike 2-2: Strikes out swinging
|
|
Pinch Hitting: RHB Eric McClelland
|
0-0: SINGLE (Line Drive, 89D, EV 100.6 MPH)
|
|
Batting: SHB Robert Soto
|
0-0: Called Strike 0-1: Fly out, F8 (Flyball, 8LM, EV 81.2 MPH)
|
|
Batting: RHB Roger Mitchell
|
0-0: Ball 1-0: Foul Ball, location: 2F 1-1: SINGLE (Groundball, 34D, EV 108.8 MPH) Eric McClelland to second Runner from 2nd tries for 3rd, OUT! 9-5
|
| Bottom of the 10th over - 0 runs, 2 hits, 0 errors, 1 left on base; Columbus 3 - Brockton 2 |
|